 Dungeon Crawl Stone Soup version 0.27-a0-1147-gb3d8e82157 (webtiles) character file.

Game seed: 9090049650787029750

20 kae the Skirmisher (level 2, 0/24 HPs)
             Began as a Demonspawn Abyssal Knight on May 11, 2021.
             Was a Follower of Lugonu.
             Slain by a jackal (2 damage)
             ... on level 1 of the Dungeon.
             The game lasted 00:00:18 (760 turns).

kae the Skirmisher (Demonspawn Abyssal Knight)       Turns: 760, Time: 00:00:19

Health: 0/24       AC:  3    Str: 12    XL:     2   Next: 58%
Magic:  3/3        EV: 11    Int: 13    God:    Lugonu [*.....]
Gold:   31         SH:  0    Dex: 12    Spells: 1/1 levels left

rFire    . . .     SeeInvis .   a - +1 falchion
rCold    . . .     Faith    .   (no shield)
rNeg     . . .     Spirit   .   b - +0 leather armour
rPois    .         Reflect  .   (no helmet)
rElec    .         Harm     .   (no cloak)
rCorr    .         Rampage  .   (no gloves)
Will     .....                  (no boots)
Stlth    +.........             (no amulet)
HPRegen  0.08/turn              (no ring)
MPRegen  0.08/turn              (no ring)

@: no status effects
A: foul stench 1
a: Renounce Religion, Depart the Abyss


You were on level 1 of the Dungeon.
You worshipped Lugonu.
Lugonu was aware of your devotion.
You visited 1 branch of the dungeon, and saw 1 of its levels.
You visited the Abyss 1 time.

You collected 31 gold pieces.

Inventory:

Hand Weapons
 a - a +1 falchion (weapon)
Armour
 b - a +0 leather armour (worn)
Scrolls
 c - a scroll of acquirement {unknown}
 d - a scroll of identify {unknown}
 g - a scroll of fear {unknown}
 h - a scroll of magic mapping {unknown}
Potions
 e - a potion of resistance {unknown}
 f - a potion of lignification {unknown}


   Skills:
 + Level 3.3 Fighting
 * Level 2.6 Long Blades
 - Level 1.7 Armour
 - Level 0.8 Dodging
 - Level 2.4 Invocations


You had one spell level left.
You didn't know any spells.
Your spell library was empty.

Dungeon Overview and Level Annotations

Branches:
Dungeon (1/15)

Altars:


Innate Abilities, Weirdness & Mutations

You may rarely emit foul miasma when damaged in melee.


Message History

The ball python grabs you. The ball python constricts you.
The jackal bites you but does no damage.
You hit the ball python.
You kill the ball python!
Lugonu accepts your kill. The jackal bites you.
The jackal bites you but does no damage.
The jackal barely misses you. The jackal completely misses you.
The jackal bites you.
You hit the jackal.
The jackal is almost dead.
The jackal barely misses you.
The jackal closely misses you. x2; You riposte.
You hit the jackal but do no damage.
The jackal is almost dead.
The jackal barely misses you.
You riposte.
You closely miss the jackal. The jackal misses you. The jackal bites you.
You hit the jackal.
The jackal is heavily wounded.
The jackal barely misses you.
You riposte.
You hit the jackal.
The jackal is severely wounded.
The jackal bites you. The jackal closely misses you. The jackal misses you.
You riposte.
You miss the jackal.
The jackal is severely wounded.
You hit the jackal.
You kill the jackal!
Lugonu accepts your kill. The jackal closely misses you.
You riposte.
You hit the jackal but do no damage.
The jackal is heavily wounded.
The jackal bites you.
* * * LOW HITPOINT WARNING * * *
The jackal bites you.
* * * LOW HITPOINT WARNING * * *
The jackal bites you.
* * * LOW HITPOINT WARNING * * *
You hit the jackal.
You kill the jackal!
Lugonu accepts your kill. The jackal bites you.
You die...

.....#
##.#.#.#.#.#'#........
######
#...#.#.....#.#######
....#.#...###.#
....#.#...# #.# .
#.#...###.##
#.#.#.........
#.#.#.....#.##
#...#.$.#.#.#
#$..#@###.#
#...†.h...#
............##
............+
............#
#...........#
+.......>...#
#........^..#
#...........#


You could see a jackal.

Vanquished Creatures
  A dart slug (D:1)
  4 ball pythons (D:1)
  3 endoplasms (D:1)
  A goblin (D:1)
  A hobgoblin (D:1)
  3 jackals (D:1)
  A bat (D:1)
  A frilled lizard (D:1)
  A kobold (D:1)
  A rat (D:1)
17 creatures vanquished.

Notes
Turn   | Place    | Note
-------+----------+-------------------------------------------
     0 | Abyss:1  | kae the Demonspawn Abyssal Knight began the quest for the
                  | Orb.
     0 | Abyss:1  | Reached XP level 1. HP: 18/18 MP: 2/2
    74 | Abyss:1  | Noticed a smoke demon
    75 | D:1      | Escaped the Abyss
   537 | D:1      | Gained mutation: You may rarely emit foul miasma when
                  | damaged in melee. [demonic ancestry]
   537 | D:1      | Reached XP level 2. HP: 19/24 MP: 3/3
   643 | D:1      | Reached * piety under Lugonu
   760 | D:1      | Slain by a jackal

Illustrated notes

Levels and vault maps discovered:
D:1:      dpeg_arrival_lava_temple_mockup, layout_basic

Skill      XL: |  1 |
---------------+----+-----
Long Blades    | 2 |  2.6
Fighting       | |  3.3
Armour         | |  1.7
Dodging        | |  0.8
Invocations    | |  2.4

Action                   || total
-------------------------++-------
Melee: Falchion          ||    38
Invok: Depart the Abyss  ||     1
Armor: Leather armour    ||    13
Dodge: Dodged            ||    43
       Rpst.: Falchion   ||    10

Table legend: (Time is in decaauts)
 A = Elapsed time spent in this place.
 B = Non-inter-level travel time spent in this place.
 C = Inter-level travel time spent in this place.
 D = Time resting spent in this place.
 E = Time spent auto-exploring this place.
 F = Levels seen in this place.
 G = Mean time per level.
                   A        B        C        D        E       F      G
               +--------+--------+--------+--------+--------+-----+--------+
         Total |    766 |    766 |      0 |      0 |    671 |   2 |  383.0 |
       Dungeon |    691 |    691 |      0 |      0 |    599 |   1 |  691.0 |
         Abyss |     75 |     75 |      0 |      0 |     72 |   1 |   75.0 |
               +--------+--------+--------+--------+--------+-----+--------+

Top non-repeatable levels by time:
     D:1: 691 daAuts
 Abyss:1: 75 daAuts
